 Dungeon Crawl Stone Soup version 0.28-a0-309-gf6d37e6e1d (webtiles) character file.

Game seed: 5256329503163954561

86 McIrco the Covered (level 4, 0/37 HPs)
             Began as a Human Fighter on Aug 30, 2021.
             Killed from afar by Natasha (5 damage)
             ... with a magic dart
             ... on level 2 of the Dungeon.
             The game lasted 00:01:43 (1686 turns).

McIrco the Covered (Human Fighter)                  Turns: 1686, Time: 00:01:43

Health: 0/37       AC:  8    Str: 17    XL:     4   Next: 78%
Magic:  4/4        EV:  7    Int:  9    God:
Gold:   77         SH: 10    Dex: 18    Spells: 3/3 levels left

rFire   . . .      SeeInvis .   a - +0 war axe
rCold   . . .      Faith    .   c - +0 kite shield
rNeg    . . .      Spirit   .   b - +0 scale mail
rPois   .          Reflect  .   (no helmet)
rElec   .          Harm     .   (no cloak)
rCorr   .          Rampage  .   i - +0 pair of gloves
Will    .....                   (no boots)
Stlth   ..........              (no amulet)
HPRegen 0.12/turn               m - +6 ring of dexterity
MPRegen 0.09/turn               (no ring)

@: no status effects
A: no striking features
a: no special abilities


You were on level 2 of the Dungeon.
You visited 1 branch of the dungeon, and saw 2 of its levels.

You collected 77 gold pieces.

Inventory:

Hand Weapons
 a - a +0 war axe (weapon)
Armour
 b - a +0 scale mail (worn)
 c - a +0 kite shield (worn)
 i - a +0 pair of gloves (worn)
Jewellery
 m - a +6 ring of dexterity (left hand)
Scrolls
 f - a scroll of silence {unknown}
 h - a scroll of fear {unknown}
 k - a scroll of identify {unknown}
Potions
 d - 2 potions of might
 e - a potion of lignification {unknown}
 g - 2 potions of brilliance {unknown}
 j - a potion of curing {unknown}
 l - 2 potions of attraction {unknown}
 n - a potion of heal wounds {unknown}


   Skills:
 + Level 3.7 Fighting
 - Level 2.0 Axes
 + Level 3.9 Armour
 + Level 3.8 Shields


You had 3 spell levels left.
You didn't know any spells.
Your spell library contained the following spells:

 Spells                   Type           Power      Damage    Failure   Level
 Foxfire                  Conj/Fire      0%         2x1d4     99%         1
 Conjure Flame            Conj/Fire      0%         6-21      100%        3
 Inner Flame              Hex/Fire       0%         N/A       100%        3
 Summon Guardian Golem    Hex/Summ       0%         N/A       100%        3
 Orb of Destruction       Conj           0%         N/A       100%        7
 Spellforged Servitor     Conj/Summ      0%         N/A       100%        7


Dungeon Overview and Level Annotations

Branches:
Dungeon (2/15)

Altars:

Annotations:
D:2 Natasha


Message History

Natasha is lightly wounded.
You barely miss the iron imp. You block Natasha's attack.
The iron imp completely misses you.
You barely miss the iron imp.
The iron imp is lightly wounded.
You barely miss Natasha. You block Natasha's attack. The iron imp hits you.
You block Natasha's attack.
You are too injured to fight recklessly!
You are too injured to fight recklessly!
You hit Natasha but do no damage. You hit the iron imp but do no damage.
You block the iron imp's attack. Natasha casts a spell at you.
The magic dart hits you!
* * * LOW HITPOINT WARNING * * *
You block the iron imp's attack.
You closely miss Natasha. You hit the iron imp but do no damage.
You block Natasha's attack. x2; The iron imp closely misses you.
You hit Natasha but do no damage. You closely miss the iron imp.
The iron imp disappears in a puff of smoke!
Natasha claws you.
* * * LOW HITPOINT WARNING * * *
Natasha closely misses you.
You closely miss Natasha.
Natasha casts a spell.
You hit Natasha but do no damage.
Natasha claws you but does no damage. x2
You slash Natasha!
Natasha is heavily wounded.
Natasha claws you but does no damage. The shadow imp barely misses you.
You hit Natasha.
Natasha is almost dead.
You hit the shadow imp.
Natasha stares at you and mumbles some strange words.
You resist with some effort. You block the shadow imp's attack.
Natasha claws you but does no damage.
You completely miss Natasha.
Natasha is almost dead.
You barely miss the shadow imp. The shadow imp barely misses you.
Natasha stares at you and mumbles some strange words.
The magic dart hits you.
You die...

##.## #.###....# #..#
#.#.####..
##.#######........#
#...........####.#
#..#####...#.###.# #..#
#...##.##.. #######.##
#...###.#รท.
##........# #...# ##...
.'....h@..## #...# ##..
##....5.#..# #...# #..
#......##.###...# #..
#......##..##...# #..
#......###.##...# #..
######## #..#...# #..
##.##.## #.. #..#.# #..
############.#.########


You could see Natasha and a shadow imp (summoned).

Vanquished Creatures
  Natasha (D:2)
  An adder (D:2)
  A worm (D:2)
  3 dart slugs
  An orc (D:2)
  3 bats
  4 endoplasms
  2 giant cockroaches (D:1)
  2 goblins (D:1)
  3 hobgoblins
  2 jackals (D:2)
  A quokka (D:1)
  3 ball pythons
  5 frilled lizards
  6 kobolds
  5 rats (D:1)
43 creatures vanquished.

Vanquished Creatures (others)
  2 fungi (D:1)
  A plant (D:1)
3 creatures vanquished.

Grand Total: 46 creatures vanquished

Notes
Turn   | Place    | Note
-------+----------+-------------------------------------------
     0 | D:1      | McIrco the Human Fighter began the quest for the Orb.
     0 | D:1      | Reached XP level 1. HP: 18/18 MP: 1/1
   115 | D:1      | Reached XP level 2. HP: 24/24 MP: 2/2
   566 | D:1      | Found a faded altar of an unknown god.
   646 | D:1      | Reached XP level 3. HP: 29/29 MP: 3/3
  1198 | D:2      | Reached XP level 4. HP: 26/35 MP: 4/4
  1335 | D:2      | Noticed Natasha
  1346 | D:2      | Killed Natasha
  1670 | D:2      | Noticed Natasha
  1686 | D:2      | Killed from afar by Natasha

Illustrated notes

Levels and vault maps discovered:
D:1:      dpeg_arrival_water_temple_mockup, layout_loops_ring,
          shapermc_ecumenical_altar_mp_urbaneastern
D:2:      layout_basic, uniq_natasha

Action                   |  1- 3 |  4- 6 || total
-------------------------+-------+-------++-------
Melee: War axe           |    93 |    42 ||   135
Armor: Scale mail        |    60 |    16 ||    76
Dodge: Dodged            |    39 |    19 ||    58
Block: Kite shield       |    50 |    28 ||    78

Table legend: (Time is in decaauts)
 A = Elapsed time spent in this place.
 B = Non-inter-level travel time spent in this place.
 C = Inter-level travel time spent in this place.
 D = Time resting spent in this place.
 E = Time spent auto-exploring this place.
 F = Levels seen in this place.
 G = Mean time per level.
                   A        B        C        D        E       F      G
               +--------+--------+--------+--------+--------+-----+--------+
         Total |   1770 |   1731 |     39 |    103 |   1294 |   2 |  885.0 |
       Dungeon |   1770 |   1731 |     39 |    103 |   1294 |   2 |  885.0 |
               +--------+--------+--------+--------+--------+-----+--------+

Top non-repeatable levels by time:
     D:1: 892 daAuts
     D:2: 877 daAuts
